 Dungeon Crawl Stone Soup version 0.27.1-3-gb3d3a73c9e (webtiles) character file.

Game seed: 5970382660231172159

363 MisterFreud the Fighter (level 6, -14/61 HPs)
             Began as a Minotaur Abyssal Knight on Oct 26, 2021.
             Was a Priest of Lugonu.
             Demolished by an ogre (27 damage)
             ... on level 4 of the Dungeon.
             The game lasted 00:03:14 (3782 turns).

MisterFreud the Fighter (Minotaur Abyssal Knight)   Turns: 3782, Time: 00:03:14

Health: -14/61     AC:  3    Str: 24    XL:     6   Next: 39%
Magic:  6/6        EV: 11    Int:  9    God:    Lugonu [***...]
Gold:   95         SH:  0    Dex: 10    Spells: 5/5 levels left

rFire    . . .     SeeInvis +   a - +1 falchion
rCold    . . .     Faith    .   (no shield)
rNeg     . . .     Spirit   .   b - +0 leather armour
rPois    .         Reflect  .   (helmet restricted)
rElec    .         Harm     .   (no cloak)
rCorr    .         Rampage  .   (no gloves)
Will     .....                  (no boots)
Stlth    +.........             (no amulet)
HPRegen  0.20/turn              g - ring of see invisible
MPRegen  0.10/turn              k - +6 ring of strength

@: no status effects
A: horns 2, retaliatory headbutt
a: Renounce Religion, Depart the Abyss, Bend Space, Banish


You were on level 4 of the Dungeon.
You worshipped Lugonu.
Lugonu was most pleased with you.
You visited 1 branch of the dungeon, and saw 4 of its levels.
You visited the Abyss 1 time.

You collected 95 gold pieces.

Inventory:

Hand Weapons
 a - a +1 falchion (weapon)
Armour
 b - a +0 leather armour (worn)
Jewellery
 g - a ring of see invisible (left hand)
 k - a +6 ring of strength (right hand)
Scrolls
 d - a scroll of magic mapping {unknown}
 e - a scroll of vulnerability {unknown}
 h - a scroll of amnesia {unknown}
 i - 2 scrolls of teleportation {unknown}
 j - a scroll of fog {unknown}
 l - a scroll of identify {unknown}
Potions
 c - a potion of heal wounds {unknown}
 f - a potion of brilliance {unknown}


   Skills:
 - Level 8.0 Fighting
 - Level 2.6 Long Blades
 + Level 4.0 Armour
 - Level 1.1 Dodging
 - Level 2.0 Invocations


You had 5 spell levels left.
You didn't know any spells.
Your spell library was empty.

Dungeon Overview and Level Annotations

Branches:
Dungeon (4/15)
 Temple: D:4-7

Altars:

Shops:
D:4 (

Annotations:
D:4 1 runed translucent door


Innate Abilities, Weirdness & Mutations

You have a pair of horns on your head.
You reflexively headbutt those who attack you in melee.


Message History

Sigmund casts a spell at you. You resist with some effort.
You hit Sigmund.
Sigmund is severely wounded.
Sigmund hits you with a +0 scythe!
You hit Sigmund.
Sigmund is severely wounded.
Sigmund hits you with a +0 scythe.
* * * LOW HITPOINT WARNING * * *
You hit Sigmund.
Sigmund is almost dead.
You hit Sigmund. You headbutt Sigmund.
You kill Sigmund!
Lugonu accepts your kill.
Training target 8.0 for Fighting reached!
Your Fighting skill increases to level 8!
You need to enable at least one skill for training.
Your Armour skill gained 2 levels and is now at level 4!
You have reached level 6!
Your experience leads to an increase in your attributes!
Your base attributes are Str 18, Int 9, Dex 9.
Increase (S)trength, (I)ntelligence, or (D)exterity?
You feel agile.
You start resting.
You hear the brisk rusting of a very distant drain.
You start resting.
You hear the quick rusting of a very distant drain.
Things that are here:
a +0 scythe; a +0 robe You see here a ball python corpse.
An ogre comes into view. It is wielding a +0 giant club.
The ogre shouts!
You barely miss the ogre. You headbutt the ogre!
The ogre is heavily wounded.
The ogre hits you with a +0 giant club!!
* * * LOW HITPOINT WARNING * * *
You hit the ogre.
The ogre is severely wounded.
The ogre hits you with a +0 giant club!!
You die...

#..........####... .....
#..##...#### ## #####
#..##.(.################
##.................@S....
..................#####.#
.........####.#...# #.#
.........<###.#...## #.#
##..#..O...†)........ ...
#..#.##@####.#...### #.#
#. #....# #.#...# #.#
#.......# #.#...# #.#
........# #.#...#
##.#.##.# #.# .# .. ..
... ... .. # .# #.. ## ..
#..


You could see an ogre.

Vanquished Creatures
  Sigmund (D:4)
  An orc priest (D:3)
  A hound skeleton (D:4)
  Robin (D:1)
  6 adders
  3 dart slugs
  7 orcs (D:3)
  3 ball pythons
  3 bats
  5 endoplasms (D:1)
  4 giant cockroaches (D:1)
  16 goblins
  7 hobgoblins
  7 jackals
  8 kobolds
  3 quokkas
  A frilled lizard (D:3)
  6 rats
83 creatures vanquished.

Notes
Turn   | Place    | Note
-------+----------+-------------------------------------------
     0 | Abyss:1  | MisterFreud the Minotaur Abyssal Knight began the quest for
                  | the Orb.
     0 | Abyss:1  | Reached XP level 1. HP: 19/19 MP: 1/1
    27 | D:1      | Escaped the Abyss
   117 | D:1      | Reached XP level 2. HP: 16/27 MP: 2/2
   123 | D:1      | Reached skill level 4 in Fighting
   417 | D:1      | Found a faded altar of an unknown god.
   805 | D:1      | Reached XP level 3. HP: 34/34 MP: 3/3
   852 | D:1      | Reached ** piety under Lugonu
  1209 | D:2      | Reached skill level 5 in Fighting
  1517 | D:2      | Noticed Robin
  1614 | D:1      | Killed Robin
  1615 | D:1      | Reached XP level 4. HP: 37/42 MP: 4/4
  2019 | D:2      | Reached skill level 6 in Fighting
  2572 | D:3      | Reached XP level 5. HP: 25/51 MP: 5/5
  2841 | D:3      | Reached *** piety under Lugonu
  3111 | D:3      | Reached skill level 7 in Fighting
  3300 | D:4      | Found Gijopuph's Weapon Shoppe.
  3340 | D:4      | Found a large runed translucent door.
  3376 | D:4      | Noticed Sigmund
  3691 | D:4      | Killed Sigmund
  3692 | D:4      | Reached skill level 8 in Fighting
  3692 | D:4      | Reached XP level 6. HP: 16/61 MP: 6/6
  3782 | D:4      | Demolished by an ogre

Illustrated notes

Levels and vault maps discovered:
D:1:      matt_arrival_spirals, layout_basic,
          hellmonk_ecumenical_altar_slurped_away
D:2:      layout_loops_corners, minivault_4, minmay_vboxes, uniq_robin
D:3:      layout_basic
D:4:      layout_basic, eat_drink_and_be_merry_uskayaw, jmf_multi_god_temple2,
          minmay_temple_entry_gardened_gates, serial_shops,
          kennysheep_mini_moat, gup_sewer_entry_glass, uniq_crazy_yiuf_cottage,
          uniq_sigmund

Skill      XL: |  1  2  3  4  5 |
---------------+----------------+-----
Invocations    | 2 |  2.0
Fighting       | 4 5 6 8 |  8.0
Armour         | 4 |  4.0
Long Blades    | |  2.6
Dodging        | |  1.1

Action                   |  1- 3 |  4- 6 || total
-------------------------+-------+-------++-------
Melee: Falchion          |    73 |    90 ||   163
       Headbutt          |    14 |    21 ||    35
Armor: Leather armour    |    27 |    26 ||    53
Dodge: Dodged            |    61 |    50 ||   111
       Rpst.: Falchion   |    20 |    12 ||    32
